 Dungeon Crawl Stone Soup version 0.28.0-45-g0d030f2227 (webtiles) character file.

Game seed: 5626561872830392504

86065 Icepheonix32 the Protected (level 15, -10/105 HPs)
             Began as a Demonspawn Fighter on Apr 9, 2022.
             Was the Champion of Hepliaklqana.
             Hit by a large rock thrown by a cyclops (24 damage)
             ... on level 15 of the Dungeon.
             The game lasted 00:50:06 (30223 turns).

Icepheonix32 the Protected (Demonspawn Fighter)    Turns: 30223, Time: 00:50:07

Health: -10/105    AC: 19    Str: 20    XL:     15   Next: 39%
Magic:  25/25      EV: 12    Int:  9    God:    Hepliaklqana [******]
Gold:   1656       SH:  0    Dex: 23    Spells: 14/14 levels left

rFire   . . .      SeeInvis .   b - +9 dagger of Hospitality {drain, rN+}
rCold   . . .      Faith    .   (no shield)
rNeg    + . .      Spirit   .   F - +1 chain mail "Forget-Me-Not" {Drain Fly Slay+2}
rPois   .          Reflect  .   (helmet restricted)
rElec   .          Harm     .   (no cloak)
rCorr   .          Rampage  .   (no gloves)
Will    +....                   A - +2 pair of boots
Stlth   +.........              (no amulet)
HPRegen 0.27/turn               Q - +4 ring of slaying
MPRegen 0.19/turn               J - +6 ring of dexterity

@: flying
A: reduced essence, antennae 2, demonic guardian 2, spiny 1, weakness stinger 2,
demonic touch 2, iridescent scales 1
a: Renounce Religion, Recall Ancestor, Ancestor Identity, Transference, Idealise


You were on level 15 of the Dungeon.
You worshipped Hepliaklqana.
Hepliaklqana was exalted by your worship.
You visited 4 branches of the dungeon, and saw 23 of its levels.
You also visited: Sewer.

You collected 2409 gold pieces.
You spent 753 gold pieces at shops.

Inventory:

Hand Weapons
 a - a +4 dagger
 b - the +9 dagger of Hospitality (weapon) {drain, rN+}
   (You bought it in a shop on level 11 of the Dungeon)

   A truly terrible weapon, it drains the life of any living foe it strikes.
   rN:        It protects you from negative energy.
 y - the +6 dagger of Bophoogh {vorpal, Contam rF- rN+++ Will++}
   (You found it on level 3 of the Dungeon)

   It inflicts extra damage upon your enemies.
   rF:        It makes you vulnerable to fire.
   rN:        It renders you almost immune to negative energy.
   Contam:    It causes magical contamination when unequipped.
   Will:      It greatly increases your willpower.
 B - the +7 hand axe of Xuqeuc {drain, Drain rC++ rN+++}
   (You found it on level 4 of the Dungeon)

   A truly terrible weapon, it drains the life of any living foe it strikes.
   rC:        It greatly protects you from cold.
   rN:        It renders you almost immune to negative energy.
   Drain:     It drains your maximum health when unequipped.
 R - a +2 vampiric dagger
 V - a +2 scimitar of flaming
Missiles
 u - 77 poisoned darts
 H - a curare-tipped dart (quivered)
 S - a throwing net
 X - 4 javelins
Armour
 A - a +2 pair of boots (worn)
 F - the +1 chain mail "Forget-Me-Not" (worn) {Drain Fly Slay+2}
   (You took it off a hobgoblin on level 4 of the Dungeon)

   Slay:      It affects your accuracy & damage with ranged weapons and melee
   (+2).
   Fly:       It grants you flight.
   Drain:     It drains your maximum health when unequipped.
Jewellery
 J - a +6 ring of dexterity (right hand)
 P - a ring of protection from fire
 Q - a +4 ring of slaying (left hand)
 U - a ring of fire
 Y - a ring of magical power
Wands
 h - a wand of digging (3)
 n - a wand of iceblast (16)
 x - a wand of charming (9)
 I - a wand of acid (7)
 T - a wand of flame (26)
 W - a wand of paralysis (19)
Scrolls
 e - 6 scrolls of amnesia
 g - 2 scrolls of immolation
 i - 6 scrolls of noise
 l - 3 scrolls of silence
 t - 3 scrolls of identify
 w - 7 scrolls of magic mapping
 z - 5 scrolls of teleportation
 C - 4 scrolls of vulnerability
 E - 2 scrolls of fog
 G - a scroll of fear
 M - a scroll of torment
 N - 2 scrolls of blinking
 O - a scroll of enchant weapon
Potions
 c - a potion of magic
 d - 7 potions of might
 f - 2 potions of attraction
 j - 4 potions of lignification
 k - 3 potions of flight
 m - 4 potions of ambrosia
 o - a potion of resistance
 p - 2 potions of invisibility
 q - 3 potions of mutation
 r - 3 potions of haste
 s - 2 potions of cancellation
 v - 2 potions of heal wounds
 D - 4 potions of curing
 L - 4 potions of brilliance
 Z - a potion of berserk rage {unknown}
Miscellaneous
 K - a condenser vane


   Skills:
 + Level 10.4 Fighting
 + Level 10.4(10.5) Short Blades
 - Level 2.1(6.9) Long Blades
 + Level 3.4 Throwing
 + Level 14.2 Armour
 + Level 5.5 Dodging
 + Level 6.6 Stealth
 + Level 3.9 Shields
 * Level 10.1 Unarmed Combat
 * Level 13.4 Invocations
 + Level 2.0 Evocations


You had 14 spell levels left.
You didn't know any spells.
Your spell library contained the following spells:

 Spells                   Type           Power      Damage    Failure   Level
 Animate Skeleton         Necr           0%         N/A       92%         1
 Apportation              Tloc           0%         N/A       92%         1
 Pain                     Necr           0%         1d4       92%         1
 Slow                     Hex            0%         N/A       92%         1
 Summon Small Mammal      Summ           0%         N/A       92%         1
 Blink                    Tloc           0%         N/A       98%         2
 Corpse Rot               Necr/Air       0%         N/A       98%         2
 Ensorcelled Hibernation  Hex/Ice        0%         N/A       98%         2
 Passwall                 Tmut/Erth      0%         N/A       98%         2
 Poisonous Vapours        Pois/Air       0%         N/A       98%         2
 Call Canine Familiar     Summ           0%         N/A       100%        3
 Confusing Touch          Hex            0%         N/A       100%        3
 Inner Flame              Hex/Fire       0%         N/A       100%        3
 Portal Projectile        Hex/Tloc       0%         N/A       100%        3
 Swiftness                Air            0%         N/A       100%        3
 Vampiric Draining        Necr           0%         2d6       100%        3
 Cause Fear               Hex            0%         N/A       100%        4
 Hailstorm                Conj/Ice       0%         3d3       100%        4
 Ice Form                 Ice/Tmut       0%         N/A       100%        4
 Leda's Liquefaction      Hex/Erth       0%         N/A       100%        4
 Olgreb's Toxic Radiance  Pois           0%         N/A       100%        4
 Agony                    Necr           0%         N/A       100%        5
 Excruciating Wounds      Necr           0%         N/A       100%        5
 Manifold Assault         Tloc           0%         N/A       100%        5
 Summon Forest            Summ/Tloc      0%         N/A       100%        5
 Eringya's Noxious Bog    Tmut/Pois      0%         N/A       100%        6
 Simulacrum               Ice/Necr       0%         N/A       100%        6
 Ozocubu's Refrigeration  Ice            0%         4d5       100%        7
 Storm Form               Tmut/Air       0%         N/A       100%        7
 Summon Hydra             Summ           0%         N/A       100%        7
 Discord                  Hex            0%         N/A       100%        8
 Ignition                 Fire           0%         3d3       100%        8


Dungeon Overview and Level Annotations

Branches:
Dungeon (15/15)            Temple (1/1) D:4            Lair (6/6) D:10
 Shoals (0/4) Lair:2        Snake (0/4) Lair:2        Slime (0/5) Lair:6
    Orc (1/2) D:11         Vaults (0/5) D:14          Sewer (visited)
 Depths: D:15

Altars:
Ashenzari
Cheibriados
Dithmenos
Elyvilon
Fedhas
Gozag
Hepliaklqana
Kikubaaqudgha
Makhleb
Nemelex Xobeh
Okawaru
Qazlal
Ru
Sif Muna
Trog
Uskayaw
Vehumet
Wu Jian
Xom
Yredelemnul
Zin
The Shining One
Jiyva

Shops:
D:11 ?((

Portals:
Gauntlet: D:15

Annotations:
D:13 1 runed translucent door
Lair:3 3 runed translucent doors, Gregoryblaze's ghost, journeyman GrVM


Innate Abilities, Weirdness & Mutations

Your life essence is reduced to manifest your ancestor. (-10% HP)
You have a pair of antennae on your head.
A demonic guardian rushes to your aid.
You are partially covered in sharp spines.
You have a tail ending in a sharp stinger.
Your touch may inflict irresistible damage on your foes.
You are partially covered in iridescent scales. (AC +2)


Message History

The eight-headed hydra completely misses you.
The eight-headed hydra bites you!
* * * LOW HITPOINT WARNING * * *
The eight-headed hydra completely misses you.
The eight-headed hydra barely misses you.
The eight-headed hydra bites you but does no damage.
The eight-headed hydra bites itself!
The eight-headed hydra bites itself.
The eight-headed hydra bites itself! x2
The eight-headed hydra is killed!
Your condenser vane has recharged.
Throw: 2 darts (curare)
Press: ? - help, Q - select action, (/) - cycle Shift-Dir - straight line, f - cyclops
Aim: a cyclops, quivering large rocks (ally target, 90% to hit)
You throw a curare-tipped dart. Huemac avoids your attack.
The curare-tipped dart barely misses the cyclops.
Unknown command.
You see here a hydra corpse.
Found a book of the Tundra.
The cyclops hits Huemac!!
Huemac casts a spell at the cyclops.
The cyclops appears confused.
Your smoke demon completely misses the cyclops.
Your smoke demon hits the cyclops. x2; The cyclops hits Huemac!!
Huemac is destroyed!
Your smoke demon hits the cyclops but does no damage. x2
Your smoke demon hits the cyclops.
You strike the helpless cyclops from behind!
You skewer the cyclops like a kebab!!!
You kill the cyclops!
Unknown command.
Found 18 stones.
You see here 5 large rocks.
A cyclops comes into view.
You see here a book of the Tundra.
You swap places.
You swap places.
Something unseen opens the door.
You see here a book of the Tundra.
You pick up a book of the Tundra and begin reading...
You add the spells Hailstorm, Ice Form and Simulacrum to your library.
You swap places.
The cyclops throws a large rock.
The large rock hits you!!
You die...

.#..# *+.....+,,,,,,,*****,,,**
.#..####+....#*,,,,,,,* **,,*
.#..#......#.#*,,,,,,,* *,,**
.#..#......#.#*,,,,,,,* **,,*
.#..#......#.#*****,*********,,**
.#..#......#.# *,* *,,,,,,,,,
.#..#........######,# *,****,,,*
.........†...(....#.#***,,,,,,,,*
###.####+#......@3..#,,,,,,,,,,,*
* #.#,(......#.#..#.#,**,***,,*,*
* #.#........#....#,..,,,* *,,*,*
* #.#......∩.###.#..,.#*,* *,,,,*
* #.####.#.###*#.#...,#*,* *,,***
* #.# #.#..,,,..#C...#*,***,****
* #.# #....,,,..'.....,,,,,,,,,,
***,* *,*,***##.#....#*,***,****
*,,,* *,*,* *,*,,,,**,* *,*


You could see a cyclops and a friendly smoke demon (summoned).

Vanquished Creatures
  An ettin (Orc:1)
  The ghost of croobank the Protected, a journeyman MiFi of Hepliaklqana (D:11)
  8 hydras
  3 catoblepae (Lair:6)
  8 vault guards (D:14)
  A boulder beetle (Lair:3)
  A death knight (D:14)
  6 centaur warriors
  12 death yaks
  2 two-headed ogres
  Urug (Lair:5)
  A wizard (D:14)
  A phantasmal warrior (D:14)
  A lindwurm (Lair:5)
  An orc knight (D:15)
  A deep elf pyromancer (D:12)
  Maurice (D:10)
  5 cyclopes
  2 ugly things
  2 manticores
  3 elephants (Lair:4)
  8 cane toads
  4 black mambas
  A torpor snail (Lair:3)
  An unseen horror (D:12)
  3 freezing wraiths
  4 rime drakes
  2 kobold demonologists
  An efreet (D:13)
  15 komodo dragons
  Psyche (D:8)
  A troll (D:13)
  A polar bear (Lair:6)
  A hornet (D:8)
  3 slime creatures (D:14)
  21 blink frogs
  A snapping turtle (Lair:2)
  3 dream sheep (Lair:5)
  3 shadows
  6 wyverns
  9 wraiths
  76 yaks
  A vampire (D:9)
  Eustachio (D:4)
  4 basilisks
  A steam dragon (D:10)
  Edmund (D:4)
  11 vampire mosquitoes
  3 nagas (Lair:2)
  2 acid dragons
  12 water moccasins
  3 black bears
  2 ice beasts
  4 orc warriors
  2 sky beasts
  A necrophage (D:6)
  13 centaurs
  An ogre (D:5)
  11 wolves
  A hexer (D:15)
  5 kobold brigands
  21 bullfrogs
  A gnoll sergeant (D:11)
  4 scorpions
  3 killer bees (D:10)
  7 howler monkeys
  2 wights (D:6)
  6 jellies
  A bullfrog zombie (D:6)
  A centaur skeleton (D:7)
  2 gnoll shamans
  A hound (D:5)
  Jessica (D:2)
  3 iguanas
  7 orc priests
  6 orc wizards
  3 ogre zombies (D:11)
  3 howler monkey zombies
  12 adders
  28 gnolls
  3 white imps
  An adder zombie (D:5)
  2 worms
  5 dart slugs
  23 orcs
  8 ball pythons
  13 endoplasms
  10 giant cockroaches
  7 hobgoblins
  5 jackals
  37 kobolds
  6 quokkas
  8 bats
  7 frilled lizards
  13 goblins
  4 goblin zombies (D:11)
  6 hobgoblin zombies (D:11)
  3 orc skeletons (D:11)
  4 orc zombies (D:11)
  12 rats
595 creatures vanquished.

Vanquished Creatures (collateral kills)
  Josephine (Lair:5)
  Erica (Lair:2)
  A death yak (Lair:4)
  A two-headed ogre (D:11)
  Sonja (Lair:2)
  A deep elf pyromancer (D:14)
  An ugly thing (D:13)
  A manticore (Lair:6)
  3 elephants (Lair:4)
  A gargoyle (D:12)
  An unseen horror (D:11)
  4 komodo dragons
  A rime drake (Lair:2)
  Maggie (Lair:1)
  A troll (D:10)
  A dream sheep (Lair:5)
  A shadow (D:11)
  A wraith (Lair:5)
  19 yaks
  A vampire mosquito (D:12)
  4 water moccasins
  An orc warrior (D:9)
  A wolf (Lair:6)
  2 centaurs (D:7)
  A scorpion (D:7)
  A bullfrog (D:10)
  A gnoll sergeant (D:11)
  A wight (D:5)
  A gnoll shaman (D:9)
  A bullfrog skeleton (D:7)
  3 ogre zombies (D:11)
  4 gnolls
  4 orcs
  A kobold (D:8)
  A quokka (D:5)
  A frilled lizard (D:1)
  2 goblin zombies (D:11)
73 creatures vanquished.

Vanquished Creatures (others)
  10 hexers
  2 bushes (Lair:6)
  39 fungi
  70 plants
  4 toadstools (D:2)
125 creatures vanquished.

Grand Total: 793 creatures vanquished

Notes
Turn   | Place    | Note
-------+----------+-------------------------------------------
     0 | D:1      | Icepheonix32 the Demonspawn Fighter began the quest for the
                  | Orb.
     0 | D:1      | Reached XP level 1. HP: 18/18 MP: 1/1
    32 | D:1      | Gained mutation: A weak demonic guardian rushes to your
                  | aid. [demonic ancestry]
    32 | D:1      | Reached XP level 2. HP: 21/24 MP: 2/2
   292 | D:1      | Reached skill level 3 in Armour
   546 | D:1      | Gained mutation: You are partially covered in sharp spines.
                  | [demonic ancestry]
   546 | D:1      | Reached XP level 3. HP: 29/29 MP: 3/3
  1302 | D:2      | Reached XP level 4. HP: 26/37 MP: 4/4
  1399 | D:2      | Reached skill level 1 in Dodging
  1402 | D:2      | Reached XP level 5. HP: 26/42 MP: 5/5
  1774 | D:2      | Reached skill level 4 in Armour
  2080 | D:2      | Noticed Jessica
  2085 | D:2      | Killed Jessica
  2225 | D:2      | Found an iron altar of Okawaru.
  2633 | D:3      | Discovered your monstrous ancestry.
  2633 | D:3      | Gained mutation: Your touch may inflict minor irresistible
                  | damage on your foes. [demonic ancestry]
  2633 | D:3      | Reached XP level 6. HP: 37/49 MP: 6/6
  2944 | D:3      | Found a glowing drain.
  2975 | Sewer    | Entered a sewer
  3250 | Sewer    | Reached skill level 5 in Fighting
  3250 | Sewer    | Reached skill level 1 in Unarmed Combat
  3406 | Sewer    | Gained mutation: Your touch may inflict irresistible damage
                  | on your foes. [demonic ancestry]
  3406 | Sewer    | Reached XP level 7. HP: 25/56 MP: 7/7
  3671 | D:3      | Found a faded altar of an unknown god.
  3718 | D:3      | Identified the +6 dagger of Bophoogh {vorpal, Contam rF-
                  | rN+++ Will++}
  3976 | D:3      | Reached skill level 5 in Armour
  3979 | D:3      | Reached skill level 1 in Short Blades
  4055 | D:4      | Found a broken altar of Ashenzari.
  4056 | D:4      | Found a shimmering blue altar of Sif Muna.
  4060 | D:4      | Reached skill level 1 in Stealth
  4112 | D:4      | Identified the +7 hand axe of Xuqeuc {drain, Drain rC++
                  | rN+++}
  4207 | D:4      | Noticed Eustachio
  4449 | D:4      | Noticed Edmund
  4459 | D:4      | Identified the +1 chain mail "Forget-Me-Not" {Drain Fly
                  | Slay+2}
  4473 | D:4      | Killed Edmund
  4488 | D:4      | Killed Eustachio
  4489 | D:4      | Reached XP level 8. HP: 16/62 MP: 8/8
  4784 | D:4      | Found a staircase to the Ecumenical Temple.
  4800 | Temple   | Entered the Ecumenical Temple
  5251 | Temple   | Became a worshipper of Uskayaw the Reveller
  5440 | D:4      | Reached * piety under Uskayaw
  5484 | Temple   | Fell from the grace of Uskayaw
  5484 | Temple   | Became a worshipper of Hepliaklqana the Forgotten
  5519 | D:5      | Entered Level 5 of the Dungeon
  5568 | D:5      | Reached skill level 1 in Invocations
  5723 | D:5      | Paralysed by the fury of Uskayaw for 2 turns
  5979 | D:5      | Reached skill level 6 in Armour
  6175 | D:5      | Reached * piety under Hepliaklqana
  6840 | D:6      | Gained mutation: A demonic guardian rushes to your aid.
                  | [demonic ancestry]
  6840 | D:6      | Reached XP level 9. HP: 41/61 MP: 11/11
  6892 | D:6      | Reached skill level 1 in Throwing
  6979 | D:6      | Reached skill level 7 in Armour
  7496 | D:6      | Reached ** piety under Hepliaklqana
  7497 | D:6      | Remembered your ancestor Huemac as a hexer
  7668 | D:6      | Noticed a two-headed ogre
  7672 | D:6      | Killed a two-headed ogre
  7941 | D:7      | Reached skill level 5 in Invocations
  8151 | D:7      | Reached skill level 8 in Armour
  8763 | D:8      | Gained mutation: You have a small tail. [demonic ancestry]
  8763 | D:8      | Reached XP level 10. HP: 56/68 MP: 14/14
  9151 | D:8      | Reached *** piety under Hepliaklqana
  9192 | D:8      | Noticed Psyche
  9206 | D:8      | Killed Psyche
 10024 | D:9      | Reached skill level 9 in Armour
 10175 | D:9      | Reached skill level 5 in Short Blades
 10357 | D:9      | Was forgiven by Uskayaw
 10382 | D:9      | Reached skill level 5 in Unarmed Combat
 10910 | D:10     | Entered Level 10 of the Dungeon
 10911 | D:10     | Found a staircase to the Lair.
 10981 | D:10     | Gained mutation: You have a pair of small antennae on your
                  | head. [demonic ancestry]
 10981 | D:10     | Reached XP level 11. HP: 64/74 MP: 16/16
 12227 | D:10     | Noticed Maurice
 12244 | D:10     | Killed Maurice
 12509 | D:11     | Reached skill level 10 in Armour
 12526 | D:11     | Reached **** piety under Hepliaklqana
 12706 | D:11     | Noticed a two-headed ogre
 12711 | D:11     | Killed a two-headed ogre
 13069 | D:11     | Found a staircase to the Orcish Mines.
 13446 | D:11     | Found Xaedwix's Weapon Shop.
 13672 | D:11     | Found Tankuz's Weapon Shoppe.
 13711 | D:11     | Found a large runed translucent door.
 13711 | D:11     | Found a large runed translucent door.
 13746 | D:11     | Noticed croobank's ghost (journeyman MiFi)
 13893 | D:11     | Found Nym Qikkezua's Magic Scroll Boutique.
 13929 | D:11     | Bought a scroll of identify for 36 gold pieces
 14295 | D:11     | Bought the +9 dagger of Hospitality {drain, rN+} for 717
                  | gold pieces
 14303 | D:11     | Gained mutation: You are partially covered in iridescent
                  | scales. (AC +2) [mutagenic glow]
 14418 | Lair:1   | Entered Level 1 of the Lair of Beasts
 14454 | Lair:1   | Noticed Maggie
 14465 | Lair:1   | Killed Maggie
 14895 | Lair:1   | Reached skill level 11 in Armour
 15399 | Lair:1   | Reached XP level 12. HP: 53/81 MP: 18/18
 16113 | Lair:2   | Found a staircase to the Shoals.
 16217 | Lair:2   | Found a staircase to the Snake Pit.
 16235 | Lair:2   | Reached ***** piety under Hepliaklqana
 17084 | Lair:2   | Noticed Erica
 17090 | Lair:2   | Killed Erica
 17226 | Lair:2   | Noticed Sonja
 17262 | Lair:2   | Killed Sonja
 17974 | Lair:3   | Noticed a boulder beetle
 18006 | Lair:3   | Killed a boulder beetle
 18007 | Lair:3   | Reached skill level 10 in Invocations
 18517 | Lair:3   | Noticed Gregoryblaze's ghost (journeyman GrVM)
 18517 | Lair:3   | Noticed a minotaur
 18552 | Lair:3   | Reached skill level 12 in Armour
 18721 | Lair:3   | Found a runed translucent gate.
 18721 | Lair:3   | Found a runed translucent gate.
 18722 | Lair:3   | Found a runed translucent gate.
 18780 | Lair:3   | Gained mutation: You have a tail ending in a sharp stinger.
                  | [demonic ancestry]
 18780 | Lair:3   | Reached XP level 13. HP: 79/88 MP: 20/20
 19537 | Lair:4   | Identified the amulet "Vuxiwam" {Drain rF+ rN+++ Regen+
                  | Str-4}
 20935 | Lair:5   | Reached skill level 5 in Stealth
 21205 | Lair:5   | Reached skill level 5 in Dodging
 21229 | Lair:5   | Noticed Urug
 21241 | Lair:5   | Killed Urug
 21419 | Lair:5   | Reached ****** piety under Hepliaklqana
 21509 | Lair:5   | Noticed Josephine
 21528 | Lair:5   | Killed Josephine
 21846 | Lair:6   | Entered Level 6 of the Lair of Beasts
 22096 | Lair:6   | Found a staircase to the Slime Pits.
 22096 | Lair:6   | Found a viscous altar of Jiyva.
 22310 | Lair:6   | Reached skill level 13 in Armour
 22675 | Lair:6   | Reached XP level 14. HP: 97/97 MP: 22/22
 24760 | Lair:6   | Reached skill level 1 in Evocations
 25509 | Orc:1    | Entered Level 1 of the Orcish Mines
 25762 | D:11     | Killed croobank's ghost
 26352 | D:12     | Reached skill level 10 in Short Blades
 26601 | D:12     | Found the +5 robe of Misfortune {Harm *Corrode *Slow EV+5}
 26762 | D:12     | You are sucked into a shaft and drop 2 floors!
 26788 | D:13     | HP: 3/98 [centaur warrior/arrow (24)]
 28029 | D:13     | Reached skill level 10 in Fighting
 28270 | D:13     | Gained mutation: You have a pair of antennae on your head.
                  | [demonic ancestry]
 28270 | D:13     | Reached XP level 15. HP: 74/103 MP: 24/24
 28673 | D:13     | Found a runed translucent door.
 28673 | D:13     | Noticed a storm dragon
 28673 | D:13     | Noticed a shadow dragon
 29124 | D:14     | Reached skill level 14 in Armour
 29793 | D:14     | Found a gate to the Vaults.
 29834 | D:14     | Reached skill level 10 in Unarmed Combat
 30123 | D:15     | Entered Level 15 of the Dungeon
 30198 | D:15     | Found a gate leading to a gauntlet.
 30223 | D:15     | Hit by a large rock thrown by a cyclops

Illustrated notes

Levels and vault maps discovered:
D:1:      shiori_arrival_maze, layout_basic, amcnicky_mini_pool_small
D:2:      cheibrodos_fertilizer, layout_basic, basic_altar, uniq_jessica
D:3:      minmay_diamond_boxcup, layout_rooms,
          hellmonk_ecumenical_altar_crossroads, gup_sewer_entry_glass
D:4:      layout_rooms, jmf_multi_god_temple, minmay_temple_entry_mini_moons,
          nicolae_figureground_sparkle, uniq_edmund, uniq_eustachio
D:5:      layout_basic
D:6:      layout_gridville, kennysheep_generic_room_7
D:7:      layout_cave_pools, centaur_isle
D:8:      layout_basic, nicolae_straight_to_the_point, uniq_psyche
D:9:      layout_basic
D:10:     layout_grid_maze, due_lair_maze_entry_diamond, uniq_maurice
D:11:     layout_cave_pods, zombieorc1_lemuel, ebering_ghost_disaster_area,
          serial_shops, shop, nicolae_shop_window_shopping, shop
D:12:     layout_basic, hangedman_decor_riveting
D:13:     layout_cave_pools, kennysheep_treasure_room
D:14:     layout_roguey, erik_vaults_2
D:15:     grunt_enter_depths_snipers, layout_basic, gauntlet_entry_generic
Temple:   mainiacjoe_temple_big_plus
Lair:1:   layout_hall_layers, uniq_maggie
Lair:2:   layout_regular_city, minmay_shoals_entry_hut,
          guppyfry_snake_entry_garden, beast_lair_carwin_8, grunt_megastairs_2,
          serial_bayou_shore_a, uniq_sonja, uniq_erica
Lair:3:   layout_gridlike, maelrawn_ghost_gauntlet_escape
Lair:4:   layout_cave_pods, amcnicky_mini_pool_medium
Lair:5:   layout_cave_pods, grunt_megastairs_1, uniq_urug, uniq_josephine
Lair:6:   evilmike_catoblepas_cave, layout_cave_pods, slime_altar_1
Orc:1:    layout_diamond_mine, basic_altar

Skill      XL: |  1  2  3  4  5  6  7  8  9 10 11 12 13 14 15 |
---------------+----------------------------------------------+-----
Long Blades    | 2 |  2.1
Armour         | 3 4 5 6 8 9 11 12 13 14 | 14.2
Shields        | 3 |  3.9
Fighting       | 4 5 6 7 9 10 | 10.4
Dodging        | 1 2 3 4 5 |  5.5
Unarmed Combat | 1 2 3 4 5 6 7 8 9 10 | 10.1
Short Blades   | 2 3 4 5 6 8 9 10 | 10.4
Stealth        | 1 2 3 4 5 6 |  6.6
Invocations    | 3 5 6 8 10 11 13 | 13.4
Throwing       | 1 2 3 |  3.4
Evocations     | 1 2 |  2.0

Action                   |  1- 3 |  4- 6 |  7- 9 | 10-12 | 13-15 || total
-------------------------+-------+-------+-------+-------+-------++-------
Melee: Long sword        |   112 |    95 |       |       |       ||   207
       Short sword       |       |    42 |    12 |       |       ||    54
       Dagger            |       |       |   243 |   498 |   698 ||  1439
       Touch             |       |       |    53 |   114 |   178 ||   345
       Punch             |       |       |     8 |    29 |    67 ||   104
       Tailslap          |       |       |       |   100 |   177 ||   277
Throw: Dart              |       |       |    12 |    18 |    15 ||    45
       Throwing net      |       |       |       |     1 |       ||     1
       Javelin           |       |       |       |       |     4 ||     4
Invok: Recall Ancestor   |       |       |     1 |     1 |     1 ||     3
       Ancestor Life: He |       |       |     1 |       |       ||     1
       Idealise          |       |       |       |       |     2 ||     2
       Transference      |       |       |       |       |     1 ||     1
Evoke: Wand              |       |       |     1 |     2 |     6 ||     9
       Condenser vane    |       |       |       |       |     1 ||     1
  Use: Scroll            |       |     1 |     1 |    19 |     6 ||    27
       Potion            |       |       |     2 |     5 |     3 ||    10
 Stab: Distracted        |       |       |     2 |     8 |    10 ||    20
       Confused          |       |       |       |     5 |     9 ||    14
       Petrified         |       |       |       |       |     2 ||     2
       Paralysed         |       |       |       |       |     3 ||     3
Armor: Scale mail        |    49 |    61 |    68 |       |       ||   178
       Chain mail        |       |       |    93 |   155 |   286 ||   534
Dodge: Dodged            |    49 |    53 |   157 |   155 |   267 ||   681
Block: Buckler           |    21 |    28 |       |       |       ||    49
